 Dungeon Crawl Stone Soup version 0.30-a0-297-g0ec75d9ef4 (webtiles) character file.

Game seed: 11563751729736160929

4337 Kinoniko the Severer (level 10, -1/108 (117) HPs)
             Began as a Minotaur Berserker on Oct 18, 2022.
             Was a High Priest of Trog.
             Slain by Grum
             ... wielding a -2 spear of distortion
              (13 damage)
             ... on level 8 of the Dungeon.
             The game lasted 00:07:52 (6441 turns).

Kinoniko the Severer (Minotaur Berserker)           Turns: 6441, Time: 00:07:53

HP:   -1/108 (117)  AC: 12    Str: 26    XL:     10   Next: 12%
MP:   9/9           EV: 10    Int:  4    God:    Trog [*****.]
Gold: 627           SH:  0    Dex: 10    Spells: 9/9 levels left

rFire   x . .      SeeInvis .    E - +5 battleaxe
rCold   + + .      Faith    .    (shield currently unavailable)
rNeg    . . .      Spirit   .    p - +0 ice dragon scales
rPois   .          Reflect  .    (helmet restricted)
rElec   .          Harm     .    o - +0 cloak
rCorr   .          Rampage  .    q - +0 pair of gloves
Will    ++...                    (no boots)
Stlth   ..........               (no amulet)
HPRegen 0.38/turn                s - ring of willpower
MPRegen 0.11/turn                u - ring of willpower

@: berserking, drained, very quick
A: horns 2, retaliatory headbutt
a: Renounce Religion, Berserk, Trog's Hand, Brothers in Arms


You were on level 8 of the Dungeon.
You worshipped Trog.
Trog was extremely pleased with you.
You visited 1 branch of the dungeon, and saw 8 of its levels.

You collected 627 gold pieces.

Inventory:

Hand Weapons
 z - a +5 hand axe of freezing
 E - a +5 battleaxe (weapon)
Missiles
 l - 2 throwing nets (quivered)
Armour
 o - a +0 cloak (worn)
 p - +0 ice dragon scales (worn)
 q - a +0 pair of gloves (worn)
Jewellery
 s - a ring of willpower (left hand)
 u - a ring of willpower (right hand)
 A - a ring of magical power
Scrolls
 c - 2 scrolls of magic mapping
 i - a scroll of enchant weapon
 m - 2 scrolls of immolation
 r - 5 scrolls of teleportation
 y - a scroll of summoning
 B - a scroll of fear
Potions
 a - a potion of brilliance {unknown}
 d - 2 potions of berserk rage
 g - 3 potions of heal wounds
 h - 3 potions of curing
 k - 2 potions of cancellation {unknown}
 n - a potion of lignification {unknown}
 C - 2 potions of flight {unknown}


   Skills:
 + Level 4.0 Fighting
 * Level 17.2 Axes
 + Level 2.9 Armour
 + Level 2.6 Dodging


You had 9 spell levels left.
You didn't know any spells.
Your spell library contained the following spells:

 Spells                   Type           Power      Damage    Failure   Level
 Necrotise                Necr           0%         1d4       83%         1
 Vampiric Draining        Necr           0%         2d6       99%         3
 Agony                    Necr           0%         N/A       100%        5


Dungeon Overview and Level Annotations

Branches:
Dungeon (8/15)             Temple (0/1) D:7
   Lair: D:8-11

Altars:
Cheibriados
Dithmenos
Elyvilon
Gozag
Hepliaklqana
Kikubaaqudgha
Okawaru
Ru
Sif Muna
Vehumet
Zin
The Shining One

Shops:
D:4 =

Annotations:
D:8 Grum


Innate Abilities, Weirdness & Mutations

You have a pair of horns on your head.
You reflexively headbutt those who attack you in melee.


Message History

The wight barely misses you.
The wight hits you with a +5 flail of freezing.
You feel drained.
You are too injured to fight recklessly!
Unknown command.
You are too injured to fight recklessly!
Unknown command.
You are too injured to fight recklessly!
Unknown command.
You are too injured to fight recklessly!
You slice the wight!!
You destroy the wight!
Trog accepts your kill.
You barely miss the wolf. The wolf bites you but does no damage.
The wolf bites you!
* * * LOW HITPOINT WARNING * * *
The wight barely misses you.
Items here: )) [ †.
You closely miss the wolf. You headbutt the wolf!
You kill the wolf!
Trog accepts your kill.
You barely miss the wight. Grum hits you but does no damage.
Space warps horribly around you.
* * * LOW HITPOINT WARNING * * *
Your Fighting skill increases to level 4!
The wight hits you with a +4 trident!
* * * LOW HITPOINT WARNING * * *
You feel drained.
* * * LOW HITPOINT WARNING * * *
Grum hits you but does no damage. Space warps horribly around you.
* * * LOW HITPOINT WARNING * * *
Things that are here:
a +0 halberd; a +0 robe; a wolf corpse Unknown command.
You slash the wight! Your headbutt misses the wight.
The wight is heavily damaged.
You slash Grum!
Grum lets out an intimidating howl.
Grum hits you with a -2 spear of distortion!
You die...

#........##.##.......
#..(......#..........
#.)..................
#....................
#..###...............
#####. ##.##..........#
....######..#..........#
.#.....)................
......z@#..............#
......g.#...............
.................##.##..
................##..#...
........................
.....##........#........
..#.. .........#........
...#. ........ ##.....##
#.##....


You could see Grum (fast) and a wight.

Vanquished Creatures
  Pikel (D:7)
  A wyvern (D:8)
  2 steam dragons (D:7)
  A water moccasin (D:6)
  3 ogres (D:6)
  An ice beast (D:8)
  A black bear (D:7)
  A centaur (D:6)
  2 wolves (D:8)
  A lemure (D:7)
  A kobold brigand (D:8)
  2 gnoll sergeants (D:6)
  4 bullfrogs
  2 necrophages (D:5)
  13 wights
  2 jellies (D:5)
  3 orc priests
  5 hounds
  4 gnoll boudas (D:6)
  An iron imp (D:8)
  A scorpion zombie (D:3)
  Natasha (thrice) (D:3)
  3 iguanas
  12 orc wizards
  A hound zombie (D:3)
  A hound skeleton (D:3)
  7 adders
  27 gnolls
  A white imp (D:7)
  2 ufetubi (D:6)
  2 adder skeletons (D:3)
  2 worms (D:2)
  31 orcs
  7 ball pythons
  A bat zombie (D:6)
  4 endoplasms
  6 giant cockroaches
  5 goblins
  12 hobgoblins
  3 quokkas
  6 bats
  4 frilled lizards
  A goblin zombie (D:8)
  2 hobgoblin zombies (D:8)
  A jackal zombie (D:3)
  11 kobolds
  2 kobold skeletons (D:8)
  An orc skeleton (D:8)
  2 orc zombies (D:8)
  2 rats
  2 rat zombies (D:6)
  A spectral goblin (D:5)
217 creatures vanquished.

Vanquished Creatures (others)
  36 plants (D:6)
  19 withered plants (D:3)
55 creatures vanquished.

Grand Total: 272 creatures vanquished

Notes
Turn   | Place    | Note
-------+----------+-------------------------------------------
     0 | D:1      | Kinoniko the Minotaur Berserker began the quest for the
                  | Orb.
     0 | D:1      | Reached XP level 1. HP: 19/19 MP: 0/0
   144 | D:1      | Reached skill level 4 in Axes
   339 | D:1      | Reached XP level 2. HP: 21/26 MP: 1/1
   802 | D:2      | Reached skill level 5 in Axes
   865 | D:2      | Reached XP level 3. HP: 31/31 MP: 2/2
   897 | D:2      | Reached ** piety under Trog
  1228 | D:2      | Identified the +4 pair of boots of Byrup {Int+4 Dex+2}
  1462 | D:3      | Reached skill level 6 in Axes
  1462 | D:3      | Reached XP level 4. HP: 39/39 MP: 3/3
  1510 | D:3      | Found an opulent altar of Gozag.
  1604 | D:3      | Reached skill level 7 in Axes
  1604 | D:3      | Reached XP level 5. HP: 45/45 MP: 4/4
  1895 | D:3      | Found an iron altar of Okawaru.
  1911 | D:3      | Found a radiant altar of Vehumet.
  2164 | D:3      | Noticed Natasha
  2166 | D:3      | Found the +4 dagger "Morg" {pain, Will+ Int+5}
  2177 | D:3      | Killed Natasha
  2183 | D:3      | Reached skill level 8 in Axes
  2186 | D:3      | Reached XP level 6. HP: 45/51 MP: 5/5
  2425 | D:3      | Noticed Natasha
  2432 | D:3      | Killed Natasha
  2521 | D:3      | Noticed Natasha
  2524 | D:3      | Killed Natasha
  2592 | D:4      | Found a shadowy altar of Dithmenos.
  2732 | D:4      | Identified the +2 dagger of Tuapt {vorpal, +Blink rC+
                  | Will++ Int-3}
  2744 | D:4      | Found Ilouwkes's Jewellery Boutique.
  2911 | D:4      | Reached *** piety under Trog
  2923 | D:4      | Found a glowing silver altar of Zin.
  2998 | D:5      | Entered Level 5 of the Dungeon
  3012 | D:5      | Reached skill level 9 in Axes
  3178 | D:5      | Reached XP level 7. HP: 57/57 MP: 6/6
  3320 | D:5      | Found a shimmering blue altar of Sif Muna.
  3372 | D:5      | Reached skill level 10 in Axes
  3394 | D:5      | Found a snail-covered altar of Cheibriados.
  3712 | D:5      | Found a hazy altar of Hepliaklqana.
  3992 | D:6      | Reached skill level 11 in Axes
  4012 | D:6      | Reached XP level 8. HP: 43/64 MP: 7/7
  4044 | D:6      | Reached skill level 12 in Axes
  4304 | D:6      | Found an ancient bone altar of Kikubaaqudgha.
  4436 | D:6      | Reached **** piety under Trog
  4527 | D:6      | Reached skill level 13 in Axes
  4700 | D:6      | Reached skill level 14 in Axes
  4708 | D:6      | Reached XP level 9. HP: 70/70 MP: 8/8
  5290 | D:7      | Noticed Pikel
  5299 | D:7      | Killed Pikel
  5300 | D:7      | Reached skill level 15 in Axes
  5388 | D:7      | Found a white marble altar of Elyvilon.
  5395 | D:7      | Found a staircase to the Ecumenical Temple.
  5519 | D:7      | Reached skill level 16 in Axes
  5953 | D:7      | Found a sacrificial altar of Ru.
  6143 | D:8      | Found a glowing golden altar of the Shining One.
  6227 | D:8      | Reached ***** piety under Trog
  6272 | D:8      | Reached skill level 17 in Axes
  6283 | D:8      | Reached XP level 10. HP: 63/73 MP: 9/9
  6432 | D:8      | Noticed Grum
  6441 | D:8      | Slain by Grum

Illustrated notes

Levels and vault maps discovered:
D:1:      wander_arrival_fairy_ring, layout_basic, minivault_27
D:2:      layout_rooms, kennysheep_flooded_box, minmay_misc_feat_tower,
          minmay_misc_feat_hallway, columned_hall_lemuel
D:3:      layout_basic, fiery_altar_vehumet,
          nicolae_gozag_cash_rules_everything_around_me,
          mainiacjoe_overflow_tiny_flanked, dilly_guarded_unrand_morg
D:4:      layout_basic, mainiacjoe_overflow_brackets, grunt_dithmenos_smoke,
          serial_shops, shop, minmay_misc_feat_four_crosses
D:5:      layout_loops_ring, mainiacjoe_overflow_24_doors,
          mainiacjoe_overflow_chevrons, nicolae_hepliaklqana_monster_ancestors
D:6:      kennysheep_housing_project, layout_gridville,
          lemuel_zombie_altar_kikubaaqudgha, chequers_mini_garden
D:7:      layout_basic, mainiacjoe_overflow_catwalk, nicolae_ru_path_of_blood,
          minmay_temple_entry_statues_pillars, uniq_pikel
D:8:      layout_cave_pools, nicolae_overflow_hidden_temple,
          nicolae_tso_besieged_by_evil, uniq_grum

Skill      XL: |  1  2  3  4  5  6  7  8  9 10 |
---------------+-------------------------------+-----
Axes           | 4 5 6 7 8 9 11 14 17 | 17.2
Fighting       | 4 |  4.0
Armour         | |  2.9
Dodging        | |  2.6

Action                   |  1- 3 |  4- 6 |  7- 9 | 10-12 || total
-------------------------+-------+-------+-------+-------++-------
Melee: Hand axe          |    95 |   114 |   227 |       ||   436
       Headbutt          |     6 |    24 |    38 |     2 ||    70
       Punch             |       |       |     2 |       ||     2
       War axe           |       |       |    19 |       ||    19
       Battleaxe         |       |       |       |    15 ||    15
Invok: Berserk           |     1 |     4 |     7 |     1 ||    13
  Use: Scroll            |       |       |    11 |     1 ||    12
 Stab: Sleeping          |     1 |       |       |       ||     1
Armor: Scale mail        |    32 |     9 |       |       ||    41
       Animal skin       |     1 |       |       |       ||     1
       Ice dragon scales |       |    37 |    84 |     8 ||   129
Dodge: Dodged            |    51 |    47 |    96 |     9 ||   203

Table legend: (Time is in decaauts)
 A = Elapsed time spent in this place.
 B = Non-inter-level travel time spent in this place.
 C = Inter-level travel time spent in this place.
 D = Time resting spent in this place.
 E = Time spent auto-exploring this place.
 F = Levels seen in this place.
 G = Mean time per level.
                   A        B        C        D        E       F      G
               +--------+--------+--------+--------+--------+-----+--------+
         Total |   6455 |   6218 |    237 |    440 |   4763 |   8 |  806.9 |
       Dungeon |   6455 |   6218 |    237 |    440 |   4763 |   8 |  806.9 |
               +--------+--------+--------+--------+--------+-----+--------+

Top non-repeatable levels by time:
     D:6: 1361 daAuts
     D:3: 1170 daAuts
     D:5: 844 daAuts
     D:1: 785 daAuts
     D:7: 778 daAuts
     D:2: 668 daAuts
     D:8: 439 daAuts
     D:4: 406 daAuts
